 Dungeon Crawl Stone Soup version 0.31.0-12-g77e489cdc1 (webtiles) character file.

Game seed: 17319872530892216463

616 Ashen the Covert (level 7, 0/60 HPs)
             Began as a Gnoll Delver on Feb 13, 2024.
             Slain by an orc wizard
             ... wielding a +2 dagger of speed
              (2 damage)
             ... on level 4 of the Dungeon.
             The game lasted 00:07:05 (3355 turns).

Ashen the Covert (Gnoll Delver)                     Turns: 3355, Time: 00:07:06

Health: 0/60       AC:  6    Str: 18    XL:     7   Next: 45%
Magic:  10/10      EV: 14    Int:  9    God:
Gold:   352        SH:  0    Dex: 15    Spells: 11/11 levels left

rFire   . . .        a - +0 spear
rCold   . . .        (no shield)
rNeg    . . .        b - +0 leather armour
rPois   .            (no helmet)
rElec   .            (no cloak)
rCorr   .            h - +2 pair of gloves
SInv    .            (no boots)
Will    .....        u - amulet of the acrobat
Stlth   ++++         q - +6 ring of strength
HPRegen 0.30/turn    v - ring of wizardry
MPRegen 0.12/turn

%: acrobat, wizardry (x1)
@: no status effects
A: fangs 1, strong nose, distributed training
a: no special abilities


You were on level 4 of the Dungeon.
You visited 1 branch of the dungeon, and saw 5 of its levels.
You also visited: Sewer.

You collected 352 gold pieces.

Inventory:

Hand Weapons
 a - a +0 spear (weapon)
Armour
 b - a +0 leather armour (worn)
 h - a +2 pair of gloves (worn)
Jewellery
 q - a +6 ring of strength (left hand)
 u - an amulet of the acrobat (around neck)
 v - a ring of wizardry (right hand)
Talismans
 o - a maw talisman
 p - a serpent talisman
Wands
 g - a wand of digging (3)
 i - a wand of polymorph (7)
 n - a wand of charming (7)
 y - a wand of flame (36)
Scrolls
 c - 4 scrolls of fog
 d - 3 scrolls of revelation
 e - a scroll of fear
 j - 3 scrolls of teleportation {unknown}
 r - 5 scrolls of identify {unknown}
 s - 2 scrolls of poison {unknown}
 t - 2 scrolls of enchant armour {unknown}
 w - a scroll of blinking {unknown}
 z - a scroll of immolation {unknown}
Potions
 f - 2 potions of haste
 k - a potion of lignification {unknown}
 l - 3 potions of curing {unknown}
 m - 3 potions of brilliance {unknown}
 x - a potion of invisibility {unknown}


   Skills:
 + Level 7.1 Fighting
 + Level 2.6 Short Blades
 + Level 2.6 Long Blades
 + Level 2.6 Axes
 + Level 2.6 Maces & Flails
 + Level 5.3 Polearms
 + Level 2.6 Staves
 + Level 2.6 Ranged Weapons
 + Level 2.6 Throwing
 + Level 2.6 Armour
 + Level 5.3 Dodging
 + Level 9.9 Stealth
 + Level 2.6 Shields
 + Level 2.6 Unarmed Combat
 + Level 2.6 Spellcasting
 + Level 2.1 Conjurations
 + Level 2.1 Hexes
 + Level 2.1 Summonings
 + Level 2.1 Necromancy
 + Level 2.1 Translocations
 + Level 2.1 Fire Magic
 + Level 2.1 Ice Magic
 + Level 2.1 Air Magic
 + Level 2.1 Earth Magic
 + Level 2.1 Alchemy
 + Level 2.9 Invocations
 + Level 2.6 Evocations
 + Level 2.3 Shapeshifting


You had 11 spell levels left.
You didn't know any spells.
Your spell library contained the following spells:

 Spells                   Type           Power      Damage    Failure   Level
 Sandblast                Erth           10%        2d5       6%          1
 Passwall                 Erth           5%         N/A       19%         3
 Stone Arrow              Conj/Erth      10%        3d7       19%         3
 Brom's Barrelling Bould  Conj/Erth      5%         2d3       50%         4


Dungeon Overview and Level Annotations

Branches:
Dungeon (5/15)              Sewer (visited)
 Temple: D:4-7

Altars:
Cheibriados
Xom


Innate Abilities, Weirdness & Mutations

You have very sharp teeth.
Your uncanny sense of smell can sniff out nearby items.
Your experience applies equally to all skills.


Message History

Aim: an orc priest, wielding a +0 flail (moderately wounded, about 34% to evade your +0 spear)
You reach to attack!
You hit the orc priest.
The orc priest is moderately wounded.
Reach: a) +0 spear
Press: ? - help, Dir - move target, f/p - orc priest
Aim: an orc priest, wielding a +0 flail (moderately wounded, about 34% to evade your +0 spear)
You hit the orc priest.
The orc priest is heavily wounded.
The orc priest hits you with a +0 flail.
You barely miss the orc priest.
The orc priest is heavily wounded.
The orc priest hits you with a +0 flail!
* * * LOW HITPOINT WARNING * * *
You closely miss the orc priest.
The orc priest is heavily wounded.
You hit something but do no damage.
The orc priest casts a cantrip, but nothing happens.
Something hits you.
* * * LOW HITPOINT WARNING * * *
You climb upwards.
Reactivating autopickup.
There is a stone staircase leading down here.
Something hits you.
* * * LOW HITPOINT WARNING * * *
Deactivating autopickup; reactivate with Ctrl-A.
Something completely misses you. Something hits you.
* * * LOW HITPOINT WARNING * * *
There is a stone staircase leading down here.
You miss something. Your bite misses something.
Something hits you but does no damage.
You hit something but do no damage. Your bite misses something.
Something hits you.
* * * LOW HITPOINT WARNING * * *
Something hits you.
* * * LOW HITPOINT WARNING * * *
You miss something. Your bite misses something. Something hits you.
* * * LOW HITPOINT WARNING * * *
You closely miss something. Something hits you.
You die...

...........#.....#.....##....##
...........#.....#.....#######
...........#.....#......#
...........#.....#......#
...##.....##...####....##
...##..)..##...##########
#####.....#.............#
....#.....#.............#
....#.....#.....@......##
....#.....##...##{.....##
#'###.....##...##.......#
...##.....##...##......##
...............##.......#
........................#
.......................##
...##.....#######.....>.#
.<.##.....##...##.......#


There were no monsters in sight!

Vanquished Creatures
  Eustachio (D:4)
  A crocodile (Sewer)
  A brain worm (Sewer)
  A scorpion (D:5)
  A howler monkey (D:3)
  A bombardier beetle (D:4)
  A sleepcap (D:5)
  6 adders
  2 river rats (D:3)
  5 ribbon worms
  5 orcs
  5 ball pythons
  6 endoplasms
  2 giant cockroaches
  8 goblins
  7 hobgoblins
  9 jackals
  3 quokkas
  12 bats
  A frilled lizard (D:1)
  3 kobolds
  5 rats
86 creatures vanquished.

Notes
Turn   | Place    | Note
-------+----------+-------------------------------------------
     0 | D:5      | Reached skill level 9 in Stealth
     0 | D:5      | Ashen the Gnoll Delver began the quest for the Orb.
     0 | D:5      | Reached XP level 1. HP: 23/23 MP: 1/1
    15 | D:5      | Noticed an iguana
    38 | D:5      | Noticed a scorpion
    53 | D:5      | Noticed a scorpion
    67 | D:5      | Killed a scorpion
    68 | D:5      | Reached skill level 1 in Short Blades
    68 | D:5      | Reached skill level 1 in Long Blades
    68 | D:5      | Reached skill level 1 in Axes
    68 | D:5      | Reached skill level 1 in Maces & Flails
    68 | D:5      | Reached skill level 1 in Staves
    68 | D:5      | Reached skill level 1 in Ranged Weapons
    68 | D:5      | Reached skill level 1 in Throwing
    68 | D:5      | Reached skill level 1 in Armour
    68 | D:5      | Reached skill level 1 in Shields
    68 | D:5      | Reached skill level 1 in Unarmed Combat
    68 | D:5      | Reached skill level 1 in Spellcasting
    68 | D:5      | Reached skill level 1 in Invocations
    68 | D:5      | Reached skill level 1 in Evocations
    68 | D:5      | Reached skill level 1 in Shapeshifting
    68 | D:5      | Reached XP level 2. HP: 12/29 MP: 1/3
    68 | D:5      | Reached XP level 3. HP: 15/35 MP: 1/4
    68 | D:5      | Reached XP level 4. HP: 18/41 MP: 1/5
   321 | D:3      | Found a glowing drain.
   342 | D:3      | Reached skill level 1 in Conjurations
   342 | D:3      | Reached skill level 1 in Hexes
   342 | D:3      | Reached skill level 1 in Summonings
   342 | D:3      | Reached skill level 1 in Necromancy
   342 | D:3      | Reached skill level 1 in Translocations
   342 | D:3      | Reached skill level 1 in Fire Magic
   342 | D:3      | Reached skill level 1 in Ice Magic
   342 | D:3      | Reached skill level 1 in Air Magic
   342 | D:3      | Reached skill level 1 in Earth Magic
   342 | D:3      | Reached skill level 1 in Alchemy
   367 | Sewer    | Entered a sewer
   396 | Sewer    | Noticed a brain worm
   423 | Sewer    | Killed a brain worm
   424 | Sewer    | Reached XP level 5. HP: 5/47 MP: 2/7
   582 | Sewer    | Noticed a crocodile
   600 | Sewer    | Killed a crocodile
   601 | Sewer    | Reached skill level 5 in Polearms
   601 | Sewer    | Reached skill level 5 in Dodging
   601 | Sewer    | Reached XP level 6. HP: 53/53 MP: 8/8
  1863 | D:3      | Found a faded altar of an unknown god.
  2148 | D:3      | Found a shimmering altar of Xom.
  2369 | D:3      | Found a snail-covered altar of Cheibriados.
  2810 | D:4      | Noticed Eustachio
  2850 | D:4      | Reached XP level 7. HP: 60/60 MP: 10/10
  3068 | D:4      | Killed Eustachio
  3354 | D:4      | HP: 2/60 [something (4)]
  3355 | D:4      | Slain by an orc wizard

Illustrated notes

Levels and vault maps discovered:
D:1:      minmay_arrival_plants_in_alcoves, layout_loops_ring, minmay_tall_x
D:2:      layout_basic
D:3:      layout_loops_ring, regret_index_xom_buried_treasure,
          cheibrodos_worm_habitat, portal_sewer_entry_c,
          nicolae_ecumenical_pavilion, serial_rivers,
          chequers_serial_rivers_micro_e, chequers_serial_rivers_large_a,
          chequers_serial_rivers_marsh, chequers_serial_rivers_room_b,
          chequers_serial_rivers_small_3, chequers_serial_rivers_micro_c
D:4:      layout_gridville, uniq_eustachio
D:5:      layout_basic, chequers_jeans

Skill      XL: |  1  2  3  4  5  6  7 |
---------------+----------------------+-----
Stealth        | |  9.9
Short Blades   | 1 2 |  2.6
Long Blades    | 1 2 |  2.6
Axes           | 1 2 |  2.6
Maces & Flails | 1 2 |  2.6
Staves         | 1 2 |  2.6
Ranged Weapons | 1 2 |  2.6
Throwing       | 1 2 |  2.6
Armour         | 1 2 |  2.6
Shields        | 1 2 |  2.6
Unarmed Combat | 1 2 |  2.6
Spellcasting   | 1 2 |  2.6
Invocations    | 1 2 |  2.9
Evocations     | 1 2 |  2.6
Shapeshifting  | 1 2 |  2.3
Conjurations   | 1 2 |  2.1
Hexes          | 1 2 |  2.1
Summonings     | 1 2 |  2.1
Necromancy     | 1 2 |  2.1
Translocations | 1 2 |  2.1
Fire Magic     | 1 2 |  2.1
Ice Magic      | 1 2 |  2.1
Air Magic      | 1 2 |  2.1
Earth Magic    | 1 2 |  2.1
Alchemy        | 1 2 |  2.1
Polearms       | 5 |  5.3
Dodging        | 5 |  5.3
Fighting       | 7 |  7.1

Action                     |  1- 3 |  4- 6 |  7- 9 || total
---------------------------+-------+-------+-------++-------
  Melee: Spear             |    13 |   320 |    53 ||   386
         Bite              |     3 |    38 |     7 ||    48
         Punch             |       |     3 |     1 ||     4
    Use: Potion            |       |     1 |       ||     1
   Stab: Sleeping          |     1 |    28 |     1 ||    30
         Distracted        |       |     2 |       ||     2
 Armour: Leather armour    |     7 |    88 |    48 ||   143
  Dodge: Dodged            |     5 |   145 |    44 ||   194
